 Dungeon Crawl Stone Soup version 0.29-a0-919-gd064cfad1c (webtiles) character file.

Game seed: 10278749564680248739

37 frimble the Magician (level 3, -2/26 HPs)
             Began as a Demonspawn Hedge Wizard on July 27, 2022.
             Slain by an orc
             ... wielding a +0 falchion
              (6 damage)
             ... on level 3 of the Dungeon.
             The game lasted 00:02:39 (2745 turns).

frimble the Magician (Demonspawn Hedge Wizard)      Turns: 2745, Time: 00:02:39

Health: -2/26      AC:  2    Str: 10    XL:     3   Next: 21%
Magic:  6/7        EV: 12    Int: 17    God:
Gold:   95         SH:  0    Dex: 12    Spells: 7/8 levels left

rFire   . . .      SeeInvis .   q - +0 falchion
rCold   . . .      Faith    .   (no shield)
rNeg    . . .      Spirit   .   b - +0 robe
rPois   .          Reflect  .   c - +0 hat
rElec   .          Harm     .   (no cloak)
rCorr   .          Rampage  .   (no gloves)
Will    .....                   (no boots)
Stlth   ++........              (no amulet)
HPRegen 0.08/turn               (no ring)
MPRegen 0.20/turn               (no ring)

@: no status effects
A: magic regeneration
a: no special abilities


You were on level 3 of the Dungeon.
You visited 1 branch of the dungeon, and saw 3 of its levels.

You collected 95 gold pieces.

Inventory:

Hand Weapons
 a - a +0 dagger
 q - a +0 falchion (weapon)
Armour
 b - a +0 robe (worn)
 c - a +0 hat (worn)
Scrolls
 e - a scroll of magic mapping {unknown}
 g - a scroll of immolation {unknown}
 j - 2 scrolls of enchant armour {unknown}
 l - a scroll of teleportation {unknown}
 m - a scroll of identify {unknown}
 n - a scroll of noise {unknown}
 o - a scroll of poison {unknown}
Potions
 d - a potion of magic
 f - a potion of curing
 h - a potion of might {unknown}
 i - a potion of berserk rage {unknown}
 k - 2 potions of degeneration {unknown}
 p - a potion of lignification {unknown}


   Skills:
 - Level 1.1 Fighting
 - Level 1.8 Short Blades
 + Level 0.0(1.0) Long Blades
 - Level 1.7 Dodging
 - Level 1.7 Stealth
 - Level 3.0 Spellcasting
 + Level 1.7 Conjurations
 - Level 1.0 Summonings
 - Level 0.8 Translocations


You had 7 spell levels left.
You knew the following spells:

 Your Spells              Type           Power      Damage    Failure   Level
a - Magic Dart            Conj           32%        1d4       9%          1

Your spell library contained the following spells:

 Spells                   Type           Power      Damage    Failure   Level
 Slow                     Hex            8%         N/A       17%         1
 Sting                    Tmut/Pois      8%         1d3       17%         1
 Call Imp                 Summ           5%         N/A       17%         2
 Blink                    Tloc           10%        N/A       19%         2
 Poisonous Vapours        Pois/Air       4%         N/A       26%         2
 Conjure Flame            Conj/Fire      5%         6-21      36%         3
 Mephitic Cloud           Conj/Pois/Air  4%         N/A       38%         3
 Animate Dead             Necr           2%         N/A       86%         4
 Olgreb's Toxic Radiance  Pois           2%         N/A       86%         4
 Borgnjor's Vile Clutch   Necr/Erth      1%         N/A       99%         5
 Death Channel            Necr           1%         N/A       100%        6


Dungeon Overview and Level Annotations

Branches:
Dungeon (3/15)

Altars:


Innate Abilities, Weirdness & Mutations

You regenerate magic rapidly.


Message History

You barely miss the orc.
The orc is severely wounded.
The orc hits you with a +2 war axe of venom!
You are too injured to fight recklessly!
You barely miss the orc.
The orc is severely wounded.
The orc hits you with a +2 war axe of venom!
* * * LOW HITPOINT WARNING * * *
The orc barely misses you.
You hit the orc.
You kill the orc!
Aiming: Magic Dart (safe; 9% risk of failure)
Press: ? - help, Q - select action Shift-Dir - straight line, f/p - orc
Aim: an orc, wielding a +0 falchion and wearing a +0 leather armour (severely wounded, 100% to hit)
The magic dart hits the orc but does no damage.
The orc is severely wounded.
The orc hits you with a +0 falchion.
* * * LOW HITPOINT WARNING * * *
Casting: Magic Dart (safe; 9% risk of failure)
Confirm with . or Enter, or press ? or * to list all spells.
Okay, then.
Unknown command.
It was a potion of curing.
You feel better. The orc closely misses you.
You hit the orc but do no damage.
The orc is severely wounded.
The orc hits you but does no damage.
You hit the orc.
The orc is severely wounded.
The orc hits you with a +0 falchion.
You completely miss the orc.
The orc is severely wounded.
The orc misses you. The orc hits you with a +0 falchion.
* * * LOW HITPOINT WARNING * * *
Aiming: Magic Dart (safe; 9% risk of failure)
Press: ? - help, Q - select action Shift-Dir - straight line, f/p - orc
Aim: an orc, wielding a +0 falchion and wearing a +0 leather armour (severely wounded, 100% to hit)
The magic dart hits the orc.
The orc is almost dead.
The orc hits you with a +0 falchion.
You die...

#.......... .^.#
#.......... ..#
#.......... ..#
#.......... ...
#.####'#### #.#
#.# #.# #o# #.#
#.# #o# #.# #.#
#@# #.# #.# #.#.#
#.####.#### #.#
#.#.####+#........
#.#
#.#.##.....##.####
#.#
#.#.##.....##...
#.#
#.#.##.....#######
#.#.#
#.#.##............
#.#.#
#.#.##....######..
#w#.#
#.#.##...รท.....#


You could see 2 orcs.

Vanquished Creatures
  A worm (D:2)
  4 orcs (D:3)
  An endoplasm (D:1)
  3 giant cockroaches
  4 goblins
  3 hobgoblins
  A quokka (D:3)
  3 ball pythons
  2 bats
  A frilled lizard (D:1)
  3 kobolds (D:2)
26 creatures vanquished.

Notes
Turn   | Place    | Note
-------+----------+-------------------------------------------
     0 | D:1      | frimble the Demonspawn Hedge Wizard began the quest for the
                  | Orb.
     0 | D:1      | Reached XP level 1. HP: 13/13 MP: 4/4
   219 | D:1      | Reached skill level 1 in Short Blades
   699 | D:1      | Gained mutation: You regenerate magic rapidly. [demonic
                  | ancestry]
   699 | D:1      | Reached XP level 2. HP: 10/19 MP: 4/6
  2017 | D:3      | Found a faded altar of an unknown god.
  2401 | D:3      | Reached skill level 1 in Fighting
  2401 | D:3      | Reached XP level 3. HP: 26/26 MP: 4/7
  2740 | D:3      | HP: 1/26 [orc/+0 falchion (4)]
  2745 | D:3      | Slain by an orc

Illustrated notes

Levels and vault maps discovered:
D:1:      saegor_arrival_simple_e, layout_loops_cross, minivault_14
D:2:      layout_rooms, serial_corexii_hall, corexii_hall_statues_u,
          corexii_hall_statues_u
D:3:      layout_basic, lemuel_coloured_pillars_altar, basic_ecumenical_altar

Skill      XL: |  1  2 |
---------------+-------+-----
Short Blades   | 1 |  1.8
Fighting       | 1 |  1.1
Dodging        | |  1.7
Stealth        | |  1.7
Spellcasting   | |  3.0
Conjurations   | |  1.7
Summonings     | |  1.0
Translocations | |  0.8

Action                   || total
-------------------------++-------
Melee: Dagger            ||    88
       Punch             ||     1
       Falchion          ||    11
 Cast: Magic Dart        ||    58
  Use: Potion            ||     1
 Stab: Sleeping          ||     3
Armor: Robe              ||    18
Dodge: Dodged            ||    76

Table legend: (Time is in decaauts)
 A = Elapsed time spent in this place.
 B = Non-inter-level travel time spent in this place.
 C = Inter-level travel time spent in this place.
 D = Time resting spent in this place.
 E = Time spent auto-exploring this place.
 F = Levels seen in this place.
 G = Mean time per level.
                   A        B        C        D        E       F      G
               +--------+--------+--------+--------+--------+-----+--------+
         Total |   2745 |   2650 |     95 |     14 |   2279 |   3 |  915.0 |
       Dungeon |   2745 |   2650 |     95 |     14 |   2279 |   3 |  915.0 |
               +--------+--------+--------+--------+--------+-----+--------+

Top non-repeatable levels by time:
     D:1: 1545 daAuts
     D:3: 727 daAuts
     D:2: 472 daAuts
